 Dungeon Crawl Stone Soup version 0.25.0-3-gd7cc5688da (webtiles) character file.

Game seed: 11860217733552373949

179624 Armakuni the Bludgeoner (level 18, -8/152 HPs)
             Began as a Ghoul Skald on June 15, 2020.
             Was a High Priest of Kikubaaqudgha.
             Shot with an arrow by a deep elf master archer (28 damage)
             ... on level 3 of the Elven Halls.
             The game lasted 02:05:44 (28510 turns).

Armakuni the Bludgeoner (Ghoul Skald)              Turns: 28510, Time: 02:05:45

Health: -8/152     AC: 25    Str: 23    XL:     18   Next: 24%
Magic:  14/22      EV:  8    Int: 14    God:    Kikubaaqudgha [*****.]
Gold:   1947       SH: 16    Dex:  8    Spells: 12/20 levels left

rFire    + . .     SeeInvis +   a - +9 demon whip (pain)
rCold    + . .     Gourm    .   P - +3 kite shield {AC+3}
rNeg     + + +     Faith    .   y - +3 plate armour {rF+}
rPois    ∞         Spirit   .   z - +2 helmet {SInv}
rElec    +         Reflect  .   (no cloak)
rCorr    +         Harm     .   (no gloves)
MR       +++..                  (no boots)
Stlth    ..........             A - amulet of the acrobat
HPRegen  0.00/turn              U - ring of the Death Scarab {*Corrode +Inv rElec MR++ Int+6}
MPRegen  0.18/turn              K - ring of resist corrosion

@: rotting
A: rotting body, claws 1, carnivore, cold resistance 1, negative energy
resistance 3, inhibited regeneration, torment resistance, unbreathing
a: Receive Corpses, Torment, Renounce Religion, Evoke Invisibility


You were on level 3 of the Elven Halls.
You worshipped Kikubaaqudgha.
Kikubaaqudgha was extremely pleased with you.
You were not hungry.

You visited 5 branches of the dungeon, and saw 27 of its levels.
You visited the Abyss 2 times.
You also visited: Gauntlet and Ice Cave.

You collected 3376 gold pieces.
You spent 1429 gold pieces at shops.

Inventory:

Hand Weapons
 a - a +9 demon whip of pain (weapon)
 b - a +3 vorpal broad axe
Missiles
 c - 13 curare-tipped darts
 n - a throwing net
 q - 41 boomerangs (quivered)
 u - 5 javelins
 R - 15 silver javelins
Armour
 y - a +3 plate armour of fire resistance (worn)
 z - a +2 helmet of see invisible (worn)
 D - a +0 tower shield
 P - a +3 kite shield of protection (worn)
Jewellery
 A - an amulet of the acrobat (around neck)
 K - a ring of resist corrosion (right claw)
 L - an uncursed ring of flight
 S - a +4 ring of slaying
 U - the ring of the Death Scarab (left claw) {*Corrode +Inv rElec MR++ Int+6}
   (You found it in a Gauntlet)

   [ring of intelligence]

   It affects your intelligence (+6).
   It insulates you from electricity.
   It affects your resistance to hostile enchantments.
   It lets you turn invisible.
   It may corrode you when you take damage.
Wands
 l - a wand of polymorph (22)
 m - a wand of clouds (3)
 p - a wand of paralysis (25)
 x - a wand of disintegration (10)
 E - a wand of iceblast (13)
 F - a wand of enslavement (7)
Scrolls
 f - 16 scrolls of remove curse
 h - 2 scrolls of vulnerability
 i - 3 scrolls of fog
 k - 2 scrolls of immolation
 o - 10 scrolls of identify
 r - 8 scrolls of teleportation
 w - 2 scrolls of blinking
 J - a scroll of noise
 N - 4 scrolls of fear
 T - a scroll of amnesia
Potions
 e - 4 potions of cancellation
 g - 2 potions of ambrosia
 s - 4 potions of curing
 t - 4 potions of magic
 v - 4 potions of heal wounds
 B - a potion of haste
 C - 7 potions of flight
 G - a potion of might
 Q - a potion of resistance
Miscellaneous
 I - a lightning rod (4/4)
 O - a tin of tremorstones (1/3)
Comestibles
 d - 47 rations


   Skills:
 + Level 11.7 Fighting
 - Level 2.6(11.1) Axes
 - Level 16.0 Maces & Flails
 + Level 9.3 Throwing
 + Level 13.9 Armour
 - Level 1.7 Dodging
 + Level 13.5 Shields
 - Level 1.7 Spellcasting
 - Level 2.6 Charms
 - Level 10.0 Necromancy
 - Level 7.3 Evocations


You had 12 spell levels left.
You knew the following spells:

 Your Spells              Type           Power        Failure   Level  Hunger
a - Animate Skeleton      Necr           N/A          4%          1    ##.....
d - Animate Dead          Necr           N/A          41%         4    #####..
s - Song of Slaying       Chrm           #.......     80%         2    ###....
z - Apportation           Tloc           #.....       95%         1    ##.....

Your spell library contained the following spells:

 Spells                   Type           Power        Failure   Level  Hunger
 Pain                     Necr           ####         4%          1    ##.....
 Vampiric Draining        Necr           ####......   14%         3    ####...
 Dispel Undead            Necr           ####....     41%         4    #####..
 Corpse Rot               Necr/Air       N/A          47%         2    ###....
 Infusion                 Chrm           #...         67%         1    ##.....
 Agony                    Necr           ####....     77%         5    ######.
 Shroud of Golubria       Chrm/Tloc      #.....       94%         2    ###....
 Corona                   Hex            #......      95%         1    ##.....
 Magic Dart               Conj           #...         95%         1    ##.....
 Sandblast                Erth           #.....       95%         1    ##.....
 Sting                    Tmut/Pois      #...         95%         1    ##.....
 Summon Butterflies       Summ           #.......     95%         1    ##.....
 Summon Small Mammal      Summ           #...         95%         1    ##.....
 Blink                    Tloc           N/A          99%         2    ###....
 Call Imp                 Summ           #.......     99%         2    ###....
 Passwall                 Tmut/Erth      #.......     99%         2    ###....
 Slow                     Hex            #.......     99%         2    ###....
 Ozocubu's Armour         Chrm/Ice       #.......     99%         3    ####...
 Spectral Weapon          Hex/Chrm       #.......     99%         3    ####...
 Excruciating Wounds      Chrm/Necr      ###.......   99%         5    ######.
 Confusing Touch          Hex            #.......     100%        3    ####...
 Conjure Flame            Conj/Fire      #.......     100%        3    ####...
 Gell's Gravitas          Tloc           #.........   100%        3    ####...
 Mephitic Cloud           Conj/Pois/Air  #.......     100%        3    ####...
 Stone Arrow              Conj/Erth      #.....       100%        3    ####...
 Cause Fear               Hex            #.........   100%        4    #####..
 Petrify                  Tmut/Erth      #.......     100%        4    #####..
 Summon Ice Beast         Ice/Summ       #.......     100%        4    #####..
 Bolt of Magma            Conj/Fire/Erth #.........   100%        5    ######.
 Iskenderun's Battlesphe  Conj/Chrm      #.......     100%        5    ######.
 Lee's Rapid Deconstruct  Erth           #.........   100%        5    ######.
 Metabolic Englaciation   Hex/Ice        #.........   100%        5    ######.
 Silence                  Hex/Air        #.........   100%        5    ######.
 Yara's Violent Unravell  Hex/Tmut       #.........   100%        5    ######.
 Darkness                 Hex            #.........   100%        6    #######
 Death Channel            Necr           ####......   100%        6    #######
 Freezing Cloud           Conj/Ice/Air   #.........   100%        6    #######
 Iron Shot                Conj/Erth      #.........   100%        6    #######
 Ozocubu's Refrigeration  Ice            #.........   100%        6    #######
 Simulacrum               Ice/Necr       ###.......   100%        6    #######
 Malign Gateway           Summ/Tloc      #.........   100%        7    #######
 Orb of Destruction       Conj           #.........   100%        7    #######
 Spellforged Servitor     Conj/Summ      #.........   100%        7    #######
 Discord                  Hex            #.........   100%        8    #######
 Dragon's Call            Summ           #.........   100%        9    #######
 Beastly Appendage        Tmut           Unusable     N/A         1    N/A
 Spider Form              Tmut/Pois      Unusable     N/A         3    N/A
 Ice Form                 Ice/Tmut       Unusable     N/A         4    N/A
 Statue Form              Tmut/Erth      Unusable     N/A         6    N/A

Dungeon Overview and Level Annotations

Branches:
Dungeon (15/15)            Temple (1/1) D:5            Lair (6/6) D:10
  Swamp (0/4) Lair:4       Spider (0/4) Lair:2        Slime (0/5) Lair:6
    Orc (2/2) D:10            Elf (3/3) Orc:2        Vaults (0/5) D:14
 Depths (0/5) D:15          IceCv (visited)         Gauntlet (visited)

Altars:
Ashenzari
Cheibriados
Dithmenos
Elyvilon
Fedhas
Gozag
Hepliaklqana
Kikubaaqudgha
Makhleb
Nemelex Xobeh
Okawaru
Qazlal
Ru
Sif Muna
Trog
Uskayaw
Vehumet
Wu Jian
Xom
Yredelemnul
Zin
The Shining One
Beogh
Jiyva

Shops:
D:4 !   Orc:1 (   Orc:2 =*[[[

Annotations:
D:5 exclusion: oklob sapling
D:10 exclusion: orange crystal statue
Elf:2 3 runed translucent doors


Innate Abilities, Weirdness & Mutations

Your body is rotting away.
You thrive on raw meat.
You are immune to poison.
You have sharp fingernails.
You are carnivorous and can eat meat at any time.
Your flesh is cold resistant. (rC+)
You are immune to negative energy. (rN+++)
You do not regenerate when monsters are visible.
You are immune to unholy pain and torment.
You can survive without breathing.


Message History

Aim: a deep elf master archer, wielding a -3 longbow, wearing a +0 leather armour and quivering 36 arrows (heavily wounded)
The mass of ice explodes!
The iceblast engulfs the deep elf master archer!
The deep elf master archer is severely wounded.
The iceblast engulfs the ghostly deep elf sorcerer!!
The ghostly deep elf sorcerer is moderately damaged.
The iceblast engulfs the deep elf master archer.
The deep elf master archer is severely wounded.
The iceblast engulfs the deep elf annihilator!
The deep elf annihilator is severely wounded.
The deep elf mage casts a spell.
The deep elf master archer shoots an arrow.
The arrow hits you!!
* * * LOW HITPOINT WARNING * * *
The deep elf annihilator casts a spell.
The deep elf annihilator blinks!
The deep elf master archer shoots an arrow.
The arrow hits you!!
You die...
Kikubaaqudgha rasps: "You have failed me!
Welcome... oblivion!"

..Z# .......eE.e.# ...#
#..E.)eee○).## ...#
#...E)ee§e...# ...# #e# ##'# #)#
...# #.# ...# #.# ...# #.# ..)#
#@#
...###########.EE..##############
#....#........#.(.E.....)#.......
##..^+....)...'....E.....'.......
##Z.#........#..........#.......
##'##'########'#############'##
+..............................
+..............................
################################


You could see 2 deep elf master archers, a deep elf annihilator, a deep elf
death mage, a ghostly deep elf sorcerer (fast, empowered), 4 earth elementals
and a deep elf mage.

Vanquished Creatures
  2 deep elf blademasters (Elf:3)
  Kirke (D:13)
  A deep elf sorcerer (Elf:3)
  2 frost giants
  4 deep elf elementalists (Elf:3)
  4 deep elf demonologists
  A deep elf annihilator (Elf:3)
  A dire elephant (Lair:6)
  A minotaur (Gauntlet)
  A deep elf death mage (Elf:3)
  Josephine (D:10)
  2 fire dragons
  A rakshasa (Abyss:2)
  2 deep elf high priests
  4 vault guards (D:14)
  An ice dragon (D:15)
  A merfolk avatar (Lair:6)
  9 hydras
  2 catoblepae
  3 centaur warriors
  A death knight (D:15)
  3 two-headed ogres
  A hell hog (Gauntlet)
  16 dancing weapons
  A tengu warrior (D:15)
  6 death yaks
  An orc high priest (Orc:2)
  Urug (Lair:4)
  Sonja (D:13)
  9 deep elf knights
  3 skeletal warriors (D:15)
  2 unseen horrors
  A sea snake (Lair:6)
  A lindwurm (shapeshifter) (Elf:2)
  A lindwurm (Lair:3)
  6 orc knights
  9 deep elf archers
  67 deep elf magi
  3 harpies (Lair:6)
  3 orc sorcerers
  15 ugly things
  6 manticores
  4 cyclopes
  17 elephants
  7 black mambas
  A guardian serpent (Abyss:2)
  13 spiny frogs
  A smoke demon (Abyss:2)
  Maggie (D:8)
  A gargoyle (D:11)
  A kobold demonologist (D:14)
  3 efreet
  9 komodo dragons
  12 rime drakes
  2 freezing wraiths (D:15)
  A hydra zombie (Abyss:2)
  An ancient zyme (Abyss:2)
  3 meliai (D:13)
  6 trolls
  15 polar bears (IceCv)
  7 blink frogs
  A slime creature (D:12)
  A bog body (Lair:4)
  8 hornets
  4 raiju (Abyss:2)
  13 hippogriffs
  2 large abominations (Abyss:2)
  A shadow (D:12)
  6 flying skulls (Abyss:2)
  8 wraiths
  7 wyverns
  12 spriggans (Lair:4)
  60 yaks
  4 hogs
  A ynoxinul (Abyss:2)
  6 fire elementals
  2 fire bats (Gauntlet)
  A steam dragon (Lair:3)
  3 basilisks
  3 hungry ghosts
  2 neqoxecs
  3 chaos spawn
  3 vampire mosquitoes (D:14)
  2 insubstantial wisps (Elf:2)
  2 wargs
  An acid dragon (D:15)
  11 water moccasins
  9 porcupines
  3 hell hounds (Gauntlet)
  A phantom (D:5)
  2 eyes of draining
  37 orc warriors
  2 black bears
  7 ice beasts
  5 sky beasts
  3 boggarts (Lair:4)
  9 starcursed masses (Abyss:2)
  A manticore zombie (Abyss:2)
  2 necrophages
  12 ogres
  15 centaurs
  23 wolves
  13 crocodiles
  A big kobold (D:8)
  2 earth elementals
  12 bullfrogs
  A water moccasin zombie (D:8)
  A wyvern zombie (D:13)
  5 scorpions
  A vampire bat (Elf:2)
  4 killer bees (D:11)
  3 howler monkeys
  16 wights
  An electric eel (Elf:3)
  12 crimson imps
  2 small abominations (Abyss:2)
  3 centaur zombies
  A bullfrog zombie (D:10)
  3 quasits
  2 bullfrog skeletons (D:10)
  2 hounds
  13 orc priests
  7 centaur skeletons
  6 jellies
  An iron imp (Abyss:2)
  2 iguanas
  Terence (D:2)
  14 orc wizards
  9 worker ants
  A hound skeleton (D:6)
  A howler monkey skeleton (D:11)
  A howler monkey zombie (D:6)
  15 gnolls
  10 adders
  2 shadow imps
  A white imp (Abyss:2)
  An ufetubus (Abyss:2)
  An ooze (D:2)
  2 adder skeletons
  An adder zombie (D:5)
  2 worms
  5 dart slugs
  8 leopard geckos
  75 orcs
  6 giant cockroaches
  6 goblins
  11 hobgoblins
  13 jackals
  2 quokkas
  4 ball pythons
  7 bats
  8 frilled lizards
  11 kobolds
  A leopard gecko skeleton (D:9)
  2 quokka skeletons
  11 rats
  3 crawling corpses (Elf:3)
  A plant (D:5)
954 creatures vanquished.

Vanquished Creatures (collateral kills)
  2 wretched stars (Abyss:2)
  A wolf spider (Elf:2)
  A worldbinder (Abyss:2)
  A manticore (D:15)
  A chaos spawn (Abyss:2)
  A small abomination (Abyss:2)
  A wight (Abyss:2)
  A starcursed mass (Abyss:2)
  A jelly (Abyss:2)
10 creatures vanquished.

Vanquished Creatures (others)
  A deep elf knight (Elf:1)
  A wolf (IceCv)
  A crimson imp (D:13)
  An orc wizard (D:9)
  9 fungi
  A lurking horror (Abyss:2)
  28 plants
42 creatures vanquished.

Grand Total: 1006 creatures vanquished

Notes
Turn   | Place    | Note
-------+----------+-------------------------------------------
     0 | D:1      | Armakuni the Ghoul Skald began the quest for the Orb.
     0 | D:1      | Reached XP level 1. HP: 17/17 MP: 2/2
   392 | D:1      | Reached XP level 2. HP: 23/25 MP: 3/3
  1162 | D:2      | Found a faded altar of an unknown god.
  1285 | D:2      | Reached XP level 3. HP: 24/30 MP: 4/4
  1289 | D:2      | Learned a level 2 spell: Song of Slaying
  1432 | D:2      | Found a sparkling altar of Nemelex Xobeh.
  1732 | D:2      | Reached skill level 1 in Maces & Flails
  1820 | D:2      | Noticed Terence
  1829 | D:2      | Killed Terence
  1829 | D:2      | Reached skill level 2 in Maces & Flails
  1829 | D:2      | Reached XP level 4. HP: 29/38 MP: 3/5
  2211 | D:2      | Reached skill level 1 in Armour
  2611 | D:3      | Found a shadowy altar of Dithmenos.
  2660 | D:3      | Reached XP level 5. HP: 44/45 MP: 6/6
  2971 | D:3      | Found a hazy altar of Hepliaklqana.
  3292 | D:3      | Reached skill level 3 in Maces & Flails
  3292 | D:3      | Reached XP level 6. HP: 37/52 MP: 7/7
  3388 | D:3      | Found a glowing silver altar of Zin.
  3389 | D:3      | Found an opulent altar of Gozag.
  3523 | D:4      | Found Nameadod's Distillery.
  3536 | D:4      | Bought a potion of curing for 30 gold pieces
  3536 | D:4      | Bought a potion of flight for 30 gold pieces
  3536 | D:4      | Bought a potion of brilliance for 40 gold pieces
  3536 | D:4      | Bought a potion of lignification for 30 gold pieces
  3610 | D:4      | Found an ornate altar of the Wu Jian Council.
  3708 | D:4      | Noticed a sky beast
  4155 | D:4      | Found a shimmering blue altar of Sif Muna.
  4301 | D:4      | Killed a sky beast
  4444 | D:4      | Found a glowing golden altar of the Shining One.
  4506 | D:5      | Entered Level 5 of the Dungeon
  4529 | D:5      | Found a bloodstained altar of Trog.
  4569 | D:5      | Reached XP level 7. HP: 51/60 MP: 8/8
  4646 | D:5      | Reached skill level 5 in Fighting
  4686 | D:5      | Reached skill level 4 in Maces & Flails
  5006 | D:5      | Reached XP level 8. HP: 53/70 MP: 9/9
  5133 | D:5      | Found a staircase to the Ecumenical Temple.
  5153 | Temple   | Entered the Ecumenical Temple
  5234 | Temple   | Became a worshipper of Kikubaaqudgha
  5789 | D:5      | Found a snail-covered altar of Cheibriados.
  5916 | D:6      | You fall into a shaft and drop 1 floor!
  6104 | D:6      | Reached skill level 5 in Maces & Flails
  6137 | D:6      | Reached skill level 1 in Throwing
  6334 | D:6      | Reached * piety under Kikubaaqudgha
  6334 | D:6      | Identified Kikubaaqudgha's Catalogue of Evil (Kikubaaqudgha
                  | gifted it to you on level 6 of the Dungeon)
  6334 | D:6      | Received a gift from Kikubaaqudgha
  6446 | D:6      | Reached skill level 1 in Shields
  6636 | D:7      | Reached XP level 9. HP: 42/78 MP: 10/10
  6646 | D:7      | Reached skill level 6 in Maces & Flails
  7267 | D:8      | Found a radiant altar of Vehumet.
  7273 | D:8      | Noticed a green ugly thing
  7315 | D:7      | Killed a green ugly thing
  7377 | D:8      | Reached skill level 7 in Maces & Flails
  7487 | D:8      | Learned a level 1 spell: Animate Skeleton
  7521 | D:8      | Noticed Maggie
  7534 | D:8      | Reached ** piety under Kikubaaqudgha
  7534 | D:8      | Reached skill level 5 in Shields
  7560 | D:8      | Killed Maggie
  8038 | D:8      | Reached skill level 8 in Maces & Flails
  8038 | D:8      | Reached XP level 10. HP: 59/84 MP: 11/11
  8818 | D:9      | Found a shattered altar of Ashenzari.
  8888 | D:9      | Noticed a centaur warrior
  9019 | D:9      | Killed a centaur warrior
  9019 | D:9      | Reached skill level 9 in Maces & Flails
  9501 | D:10     | Entered Level 10 of the Dungeon
  9558 | D:10     | Noticed an orange crystal statue
  9654 | D:10     | Reached skill level 5 in Armour
  9747 | D:10     | Noticed Josephine
  9763 | D:10     | Killed Josephine
  9781 | D:10     | Reached XP level 11. HP: 73/91 MP: 12/12
  9786 | D:10     | Reached *** piety under Kikubaaqudgha
  9786 | D:10     | Identified Kikubaaqudgha's Grimoire of Sinister Secrets
                  | (Kikubaaqudgha gifted it to you on level 10 of the Dungeon)
  9786 | D:10     | Received a gift from Kikubaaqudgha
  9786 | D:10     | Reached skill level 10 in Maces & Flails
 10039 | D:10     | Identified the Reference Book on Dusty Calling
 10278 | D:10     | Found a staircase to the Lair.
 10287 | Lair:1   | Entered Level 1 of the Lair of Beasts
 10496 | Lair:1   | Found a frozen archway.
 10513 | IceCv    | Entered an ice cave
 10650 | IceCv    | Noticed a death yak
 10678 | IceCv    | Killed a death yak
 10811 | IceCv    | Reached skill level 11 in Maces & Flails
 10988 | IceCv    | Reached **** piety under Kikubaaqudgha
 11221 | IceCv    | Reached XP level 12. HP: 79/97 MP: 13/13
 11294 | IceCv    | Got a transparent chain mail
 11305 | IceCv    | Identified the cursed +0 chain mail of Fun and Games {-Tele
                  | rF++ Str+2 Int+4} (You found it in an ice cave)
 11345 | IceCv    | Noticed a frost giant
 11366 | IceCv    | Killed a frost giant
 11440 | IceCv    | Got a brightly glowing brass ring
 11444 | IceCv    | Got a warped bone ring
 11451 | IceCv    | Identified a scroll of acquirement
 11452 | IceCv    | Got the +1 crystal plate armour of Perpetual Drought {rCorr
                  | SInv Stlth+}
 12520 | Lair:2   | Identified the ring of Xed Foth {*Slow Dex+4 Slay+2 Stlth-}
                  | (You found it in an ice cave)
 12523 | Lair:2   | Identified the ring of Absolutism {Ice *Corrode rN+ Str+4
                  | Dex+4} (You found it in an ice cave)
 12685 | Lair:2   | Found a hole to the Spider Nest.
 13547 | Lair:3   | Noticed an eight-headed hydra
 13771 | Lair:3   | Reached XP level 13. HP: 103/111 MP: 14/14
 13808 | Lair:3   | Reached skill level 10 in Shields
 14304 | Lair:3   | Reached skill level 10 in Fighting
 14370 | Lair:4   | Noticed Urug
 14389 | Lair:4   | Killed Urug
 14455 | Lair:4   | Found a staircase to the Swamp.
 14519 | Lair:4   | Reached skill level 10 in Armour
 14554 | Lair:4   | Reached ***** piety under Kikubaaqudgha
 14621 | Lair:4   | Cast into level 2 of the Abyss (spriggan rider)
 14673 | Abyss:2  | Found a sacrificial altar of Ru.
 14704 | Abyss:2  | Found a sacrificial altar of Ru.
 14734 | Abyss:2  | Found a corrupted altar of Lugonu.
 14745 | Abyss:2  | Noticed a starcursed mass
 14774 | Abyss:2  | Noticed a starcursed mass
 14811 | Abyss:2  | Reached skill level 12 in Maces & Flails
 14979 | Lair:4   | Escaped the Abyss
 15046 | Lair:5   | Reached skill level 13 in Maces & Flails
 15308 | Lair:5   | Reached skill level 14 in Maces & Flails
 15413 | Lair:5   | You fall into a shaft and drop 1 floor!
 15413 | Lair:6   | Entered Level 6 of the Lair of Beasts
 16126 | Lair:5   | Reached skill level 15 in Maces & Flails
 16138 | Lair:5   | Reached skill level 1 in Necromancy
 16198 | Lair:5   | Reached XP level 14. HP: 107/121 MP: 15/15
 16418 | Lair:6   | Reached skill level 5 in Necromancy
 16463 | Lair:6   | Reached skill level 16 in Maces & Flails
 16660 | Lair:6   | Found a stormy altar of Qazlal.
 16858 | Lair:6   | Found a viscous altar of Jiyva.
 16858 | Lair:6   | Found a staircase to the Slime Pits.
 17081 | Lair:6   | Noticed a dire elephant
 17091 | Lair:6   | Killed a dire elephant
 18098 | D:11     | Reached XP level 15. HP: 126/126 MP: 16/16
 18930 | D:12     | Reached ****** piety under Kikubaaqudgha
 19052 | D:12     | Found a viscous altar of Jiyva.
 19070 | D:12     | Found a shimmering blue altar of Sif Muna.
 19186 | D:12     | Identified a +7 demon whip of pain (a +5 demon whip of
                  | freezing bloodied by Kikubaaqudgha)
 19186 | D:12     | Received a gift from Kikubaaqudgha
 19190 | D:12     | Learned a level 1 spell: Apportation
 19779 | D:13     | Noticed Sonja
 19942 | D:13     | Identified the +6 quarterstaff of Flawed Execution {vorpal,
                  | rF+}
 20048 | D:13     | Killed Sonja
 20217 | D:13     | Noticed Kirke
 20222 | D:13     | Noticed a sphinx
 20241 | D:13     | Killed Kirke
 20734 | D:14     | Found a gate to the Vaults.
 20889 | D:14     | Found a gate leading to a gauntlet.
 20894 | Gauntlet | Entered a Gauntlet
 20894 | Gauntlet | Found a transporter.
 20894 | Gauntlet | Found a transporter.
 20909 | Gauntlet | Found a transporter.
 20924 | Gauntlet | Found a transporter.
 20942 | Gauntlet | Found a transporter.
 20954 | Gauntlet | Found a transporter.
 20970 | Gauntlet | Found a transporter.
 21036 | Gauntlet | Found a transporter.
 21051 | Gauntlet | Found a transporter.
 21067 | Gauntlet | Found a transporter.
 21079 | Gauntlet | Found a transporter.
 21081 | Gauntlet | Found a large runed translucent door.
 21081 | Gauntlet | Found a large runed translucent door.
 21082 | Gauntlet | Found a large runed translucent door.
 21082 | Gauntlet | Found a large runed translucent door.
 21083 | Gauntlet | Found a large runed translucent door.
 21083 | Gauntlet | Found a large runed translucent door.
 21083 | Gauntlet | Found a runed translucent door.
 21083 | Gauntlet | Found a runed translucent door.
 21083 | Gauntlet | Found a large runed translucent door.
 21084 | Gauntlet | Found a large runed translucent door.
 21091 | Gauntlet | Found a large runed translucent door.
 21091 | Gauntlet | Found a large runed translucent door.
 21092 | Gauntlet | Found a large runed translucent door.
 21092 | Gauntlet | Found a large runed translucent door.
 21093 | Gauntlet | Found a large runed translucent door.
 21093 | Gauntlet | Found a large runed translucent door.
 21094 | Gauntlet | Found a runed translucent gate.
 21094 | Gauntlet | Found a runed translucent gate.
 21094 | Gauntlet | Found a runed translucent gate.
 21096 | Gauntlet | Found a transporter.
 21163 | Gauntlet | Found a transporter.
 21179 | Gauntlet | Found a transporter.
 21179 | Gauntlet | Found a transporter.
 21180 | Gauntlet | Found a large runed translucent door.
 21181 | Gauntlet | Found a large runed translucent door.
 21218 | Gauntlet | Found a transporter.
 21328 | Gauntlet | Reached skill level 10 in Necromancy
 21387 | Gauntlet | Reached skill level 1 in Evocations
 21422 | Gauntlet | Got a sparkling diamond amulet
 21429 | Gauntlet | Identified the amulet "Qouneyck" {Reflect rPois MR- Str+3
                  | SH+5} (You found it in a Gauntlet)
 21441 | Gauntlet | Identified the +8 short sword of Dust {freeze, +Inv rPois
                  | rC+}
 21537 | Gauntlet | Got a fine granite ring
 21538 | Gauntlet | Got a pitted trident
 21539 | Gauntlet | Identified the ring of the Death Scarab {*Corrode +Inv
                  | rElec MR++ Int+6} (You found it in a Gauntlet)
 21752 | D:14     | Reached skill level 5 in Evocations
 21806 | D:14     | Reached XP level 16. HP: 134/134 MP: 18/18
 22211 | D:15     | Entered Level 15 of the Dungeon
 22407 | D:15     | Reached skill level 5 in Throwing
 22448 | D:15     | Found a sacrificial altar of Ru.
 22800 | D:15     | Identified the Incunabulum of Calling and Curses
 23220 | D:15     | Found a staircase to the Depths.
 23705 | D:10     | Found a staircase to the Orcish Mines.
 23726 | Orc:1    | Entered Level 1 of the Orcish Mines
 23753 | Orc:1    | Found a roughly hewn altar of Beogh.
 23952 | Orc:2    | Entered Level 2 of the Orcish Mines
 23952 | Orc:2    | Found a staircase to the Elven Halls.
 24058 | Orc:2    | Found a radiant altar of Vehumet.
 24147 | Orc:2    | Found Hyggy's Antique Armour Shop.
 24165 | Orc:2    | Bought a runed kite shield for 240 gold pieces
 24455 | Orc:2    | Found Pidataj's Armour Emporium.
 24455 | Orc:2    | Found Sunaod's Assorted Antiques.
 24458 | Orc:2    | Found Dinias's Jewellery Shop.
 24460 | Orc:2    | Found Fakastal's Armour Shoppe.
 24588 | Orc:1    | Found Hatu's Antique Weapon Boutique.
 24600 | Orc:1    | Found a roughly hewn altar of Beogh.
 25036 | Orc:2    | Bought a +1 helmet of see invisible for 214 gold pieces
 25051 | Orc:2    | Bought a +3 plate armour of fire resistance for 585 gold
                  | pieces
 25076 | Orc:2    | Bought an uncursed ring of resist corrosion for 260 gold
                  | pieces
 25083 | Orc:2    | Identified the +3 trident "Qoytwuy" {vorpal, Str+2} (You
                  | found it in a Gauntlet)
 25128 | Elf:1    | Entered Level 1 of the Elven Halls
 25432 | Elf:1    | Identified the cursed +1 battleaxe of Loxesa {freeze, +Rage
                  | Int+4}
 25508 | Elf:1    | Reached XP level 17. HP: 135/140 MP: 8/19
 25850 | Elf:1    | Learned a level 4 spell: Animate Dead
 26026 | Elf:1    | Cast into level 2 of the Abyss (+2 hand axe of distortion)
 26342 | Elf:1    | Escaped the Abyss
 27182 | Elf:2    | Found a runed translucent gate.
 27182 | Elf:2    | Found a runed translucent gate.
 27183 | Elf:2    | Found a runed translucent gate.
 27614 | Elf:2    | Identified the Papyrus of Transformation
 27963 | Elf:3    | Entered Level 3 of the Elven Halls
 28479 | Elf:3    | Noticed a deep elf blademaster
 28481 | Elf:3    | Noticed a deep elf blademaster
 28491 | Elf:3    | Reached XP level 18. HP: 111/151 MP: 15/22
 28491 | Elf:3    | Killed a deep elf blademaster
 28492 | Elf:3    | Killed a deep elf blademaster
 28493 | Elf:3    | Noticed a deep elf master archer
 28496 | Elf:3    | Noticed a deep elf master archer
 28510 | Elf:3    | Shot with an arrow by a deep elf master archer

Illustrated notes

Levels and vault maps discovered:
D:1:      ebering_trefoil_twist, layout_loops_corners, minmay_domino_2
D:2:      wad_river_or_something, layout_basic, lemuel_coloured_pillars_altar,
          chequers_ecumenical_altar_simple, uniq_terence
D:3:      layout_loops_ring, grunt_temple_overflow_gold_and_silver,
          old_standard_altar, old_standard_altar, first_ration,
          minmay_quadrilaterals
D:4:      layout_rooms, nicolae_overflow_hidden_temple, lemuel_blue_sif_altar,
          tso_oasis_becter, serial_shops, shop
D:5:      layout_basic, old_standard_altar, marbit_many_paths,
          minmay_temple_entry_oklob, kennysheep_crisscross
D:6:      layout_rooms
D:7:      layout_loops_cross
D:8:      layout_loops_ring, overflow_temple_1_default, blue_anna_alchemist
          [blue_anna_fruit_fields, blue_anna_fruit_fields], uniq_maggie
D:9:      layout_layer_cave, lemuel_doored_altar, small_chamber_with_monster
D:10:     layout_rooms, lair_entry_dummy, hiddenorc1_lemuel,
          minmay_protected_statue, uniq_josephine
D:11:     layout_roguey
D:12:     layout_loops_cross, basic_altar, jiyva_altar_1
D:13:     minmay_statue_hallways, layout_irregular_city, st_stairs_13,
          uniq_kirke, uniq_sonja
D:14:     layout_irregular_city, lightli_vaults_fourway_checkpoint,
          gauntlet_entry_generic
D:15:     grunt_enter_depths_hoard, layout_basic, minmay_statues_item,
          nicolae_ru_awakened_eye
Temple:   zaba_magenta_temple
Lair:1:   layout_concentric_octagons, portal_ice_cave_entry_pillars_2,
          grunt_megastairs_3
Lair:2:   layout_misc_corridors, dummy_spider_entry
Lair:3:   layout_gridlike, grunt_megastairs_1
Lair:4:   kb_forest_paths, layout_misc_corridors, skrybe_swamp_entry_bodies,
          uniq_urug
Lair:5:   layout_concentric_octagons, lookout_lair_type
Lair:6:   gammafunk_lair_ancient_temple, layout_cave_shapes,
          dpeg_slime_entry_enclosed_altar, basic_altar
Orc:1:    layout_caves, basic_altar, serial_shops,
          nicolae_shop_temple_entry_statues_fountains, kennysheep_orc_chapel
Orc:2:    st_orc_rangers, layout_diamond_mine, serial_shops, nicolae_shop_trees,
          basic_altar
Elf:1:    minmay_coctagon, layout_geoelf_diagonals, hangedman_elf_represent
Elf:2:    layout_rooms, hangedman_research_metamorphosis
Elf:3:    elf_hall, layout_geoelf_castle, drop_trap,
          nicolae_elf_glass_and_crystal_pillar_1

Skill      XL: |  1  2  3  4  5  6  7  8  9 10 11 12 13 14 15 16 17 18 |
---------------+-------------------------------------------------------+-----
Axes           | 2 |  2.6
Fighting       | 3 4 6 9 10 11 | 11.7
Maces & Flails | 2 3 4 5 8 9 11 15 16 | 16.0
Armour         | 1 2 4 5 8 9 10 11 13 | 13.9
Throwing       | 1 3 4 7 8 9 |  9.3
Shields        | 2 5 7 9 10 11 12 13 | 13.5
Necromancy     | 1 6 10 | 10.0
Evocations     | 5 7 |  7.3
Dodging        | |  1.7
Spellcasting   | |  1.7
Charms         | |  2.6

Action                   |  1- 3 |  4- 6 |  7- 9 | 10-12 | 13-15 | 16-18 || total
-------------------------+-------+-------+-------+-------+-------+-------++-------
Melee: Hand axe          |    97 |       |       |       |       |       ||    97
       Whip              |    42 |   247 |   410 |   750 |   343 |       ||  1792
       Mace              |       |    23 |     9 |   105 |       |       ||   137
       Demon whip        |       |       |       |       |  1035 |  1190 ||  2225
Throw: Throwing net      |       |     4 |     5 |       |       |       ||     9
       Dart              |       |       |    11 |       |     3 |     3 ||    17
       Boomerang         |       |       |       |     8 |    10 |    11 ||    29
       Javelin           |       |       |       |       |     2 |    11 ||    13
 Cast: Infusion          |     5 |       |       |       |       |       ||     5
       Animate Skeleton  |       |       |       |       |       |    58 ||    58
Invok: Receive Corpses   |       |       |       |     4 |    11 |     9 ||    24
       Torment           |       |       |       |       |     6 |    10 ||    16
       Brand Weapon With |       |       |       |       |     1 |       ||     1
Evoke: Wand              |       |       |       |     5 |    20 |     5 ||    30
       Tin of tremorston |       |       |       |       |     8 |    11 ||    19
       Lightning rod     |       |       |       |       |     4 |       ||     4
       Box of beasts     |       |       |       |       |     1 |       ||     1
  Use: Scroll            |     7 |     9 |    10 |    13 |    14 |     8 ||    61
       Potion            |       |     4 |     6 |     7 |     4 |     1 ||    22
 Stab: Held in net/web   |       |       |     2 |       |       |       ||     2
       Invisible         |       |       |       |       |     1 |       ||     1
       Distracted        |       |       |       |       |       |     1 ||     1
  Eat: Chunk             |    15 |    21 |    43 |   160 |   170 |   157 ||   566
Armor: Leather armour    |    30 |     1 |       |       |       |       ||    31
       Scale mail        |       |   110 |   146 |   123 |     2 |       ||   381
       Plate armour      |       |       |       |   192 |       |   193 ||   385
       Crystal plate arm |       |       |       |       |   603 |   198 ||   801
       Chain mail        |       |       |       |       |     1 |       ||     1
Dodge: Dodged            |    94 |   164 |   231 |   254 |   214 |   243 ||  1200
Block: Kite shield       |       |       |    19 |   220 |   586 |   536 ||  1361
       Buckler           |       |       |       |    58 |       |       ||    58
